 Dungeon Crawl Stone Soup version 0.27-a0-1140-g099f9bb0e8 (webtiles) character file.

Game seed: 9918599864644621370

72 tilp the Chiller (level 3, 0/26 HPs)
             Began as a Demigod Ice Elementalist on May 9, 2021.
             Slain by an orc warrior
             ... wielding a +3 halberd
              (26 damage)
             ... on level 2 of the Dungeon.
             The game lasted 00:02:57 (1770 turns).

tilp the Chiller (Demigod Ice Elementalist)         Turns: 1770, Time: 00:02:57

Health: 0/26       AC:  3    Str:  9    XL:     3   Next: 82%
Magic:  9/9        EV: 12    Int: 21    God:
Gold:   63         SH:  0    Dex: 14    Spells: 3/7 levels left

rFire    . . .     SeeInvis .   d - +0 dagger
rCold    . . .     Faith    .   (no shield)
rNeg     . . .     Spirit   .   a - +0 robe
rPois    .         Reflect  .   e - +0 helmet
rElec    .         Harm     .   (no cloak)
rCorr    .         Rampage  .   (no gloves)
Will     .....                  (no boots)
Stlth    ++........             (no amulet)
HPRegen  0.08/turn              (no ring)
MPRegen  0.11/turn              (no ring)

@: no status effects
A: high mp 1, forlorn
a: no special abilities


You were on level 2 of the Dungeon.
You visited 1 branch of the dungeon, and saw 2 of its levels.

You collected 63 gold pieces.

Inventory:

Hand Weapons
 d - a +0 dagger (weapon)
Armour
 a - a +0 robe (worn)
 e - a +0 helmet (worn)
Potions
 b - a potion of haste {unknown}
 c - 2 potions of curing {unknown}
 f - a potion of attraction {unknown}


   Skills:
 - Level 1.7 Dodging
 - Level 1.7 Stealth
 + Level 2.5 Spellcasting
 * Level 4.7 Ice Magic


You had 3 spell levels left.
You knew the following spells:

 Your Spells              Type           Power      Damage    Failure   Level
a - Freeze                Ice            88%        1d10      1%          1
b - Frozen Ramparts       Ice            44%        1d6       6%          3

Your spell library contained the following spells:

 Spells                   Type           Power      Damage    Failure   Level
 Ozocubu's Armour         Ice            22%        N/A       6%          3
 Hailstorm                Conj/Ice       12%        3d5       45%         4
 Metabolic Englaciation   Hex/Ice        6%         N/A       82%         5


Dungeon Overview and Level Annotations

Branches:
Dungeon (2/15)


Innate Abilities, Weirdness & Mutations

Your attributes grow dramatically as you level up.
You have an increased reservoir of magic. (+10% MP)
You shall have no god before yourself.


Message History

The orc priest looks braver for a moment.
Casting: Freeze (safe; 2% risk of failure)
Confirm with . or Enter, or press ? or * to list all spells.
Aiming: Freeze (safe; 2% risk of failure)
Press: ? - help, Shift-Dir - straight line, f - orc priest
Aim: an orc priest, wielding a +0 whip You freeze the orc priest.
The orc priest is lightly wounded.
The orc priest calls down the wrath of Beogh upon you.
Beogh smites you!
Casting: Freeze (safe; 2% risk of failure)
Confirm with . or Enter, or press ? or * to list all spells.
Aiming: Freeze (safe; 2% risk of failure)
Press: ? - help, Shift-Dir - straight line, f/p - orc priest
Aim: an orc priest, wielding a +0 whip (lightly wounded)
You freeze the orc priest!
The orc priest is severely wounded.
The orc priest barely misses you.
Unknown command.
Casting: Freeze (safe; 2% risk of failure)
Confirm with . or Enter, or press ? or * to list all spells.
Aiming: Freeze (safe; 2% risk of failure)
Press: ? - help, Shift-Dir - straight line, f/p - orc priest
Aim: an orc priest, wielding a +0 whip (severely wounded)
You freeze the orc priest!
You kill the orc priest!
Unknown command.
There is a stone staircase leading up here.
You climb upwards.
There is a stone staircase leading down here.
You start resting.
Magic restored.
You start resting.
HP restored.
There is an escape hatch in the floor here.
There is a stone staircase leading down here.
You climb downwards.
The orc warrior barely misses you.
The orc warrior hits you from afar with a +3 halberd!!
Ouch! That really hurt!
You die...

#......##...### .#
#......##.#...## #.#
#......##.###..#####.#
##......##..###o##....#
........###.###.##....#
.........##..##..#..).###
..............##.#......##
..........)...##......#..#
........#.@...###........##
........#..........o.<.....
####.####o....###.##$##....
#. #####^# #....# .... # .#
###..# ... .. #..# ..# .#
##.. .# #.. .# ..


You could see an orc warrior.

Vanquished Creatures
  An orc priest (D:2)
  2 dart slugs (D:1)
  An orc (D:2)
  2 ball pythons (D:1)
  2 endoplasms (D:1)
  2 giant cockroaches (D:1)
  5 goblins
  2 hobgoblins (D:1)
  4 jackals (D:1)
  A kobold (D:1)
  3 quokkas (D:1)
  3 bats (D:1)
  2 frilled lizards (D:1)
  6 rats (D:1)
36 creatures vanquished.

Notes
Turn   | Place    | Note
-------+----------+-------------------------------------------
     0 | D:1      | tilp the Demigod Ice Elementalist began the quest for the
                  | Orb.
     0 | D:1      | Reached XP level 1. HP: 14/14 MP: 5/5
   185 | D:1      | Reached skill level 4 in Ice Magic
   185 | D:1      | Reached XP level 2. HP: 14/20 MP: 2/7
  1010 | D:1      | Reached XP level 3. HP: 25/26 MP: 5/8
  1016 | D:1      | Learned a level 3 spell: Frozen Ramparts
  1522 | D:2      | Noticed an orc warrior
  1770 | D:2      | Slain by an orc warrior

Illustrated notes

Levels and vault maps discovered:
D:1:      minmay_arrival_arboretum_small, layout_basic,
          shapermc_ecumenical_altar_starsandcircs,
          hangedman_decor_clover_reticule, chequers_serial_rivers_large_a,
          minivault_19, minmay_tall_x
D:2:      layout_rooms, serial_shops, shop, st_stairs_3, minmay_misc_feat_room,
          minivault_25

Skill      XL: |  1 |
---------------+----+-----
Spellcasting   | 2 |  2.5
Ice Magic      | 4 |  4.7
Dodging        | |  1.7
Stealth        | |  1.7

Action                   || total
-------------------------++-------
Melee: Unarmed           ||     4
       Dagger            ||    30
 Cast: Freeze            ||    44
  Use: Scroll            ||     1
 Stab: Sleeping          ||     1
Armor: Robe              ||    11
Dodge: Dodged            ||    58

Table legend: (Time is in decaauts)
 A = Elapsed time spent in this place.
 B = Non-inter-level travel time spent in this place.
 C = Inter-level travel time spent in this place.
 D = Time resting spent in this place.
 E = Time spent auto-exploring this place.
 F = Levels seen in this place.
 G = Mean time per level.
                   A        B        C        D        E       F      G
               +--------+--------+--------+--------+--------+-----+--------+
         Total |   1783 |   1639 |    144 |    542 |    801 |   2 |  891.5 |
       Dungeon |   1783 |   1639 |    144 |    542 |    801 |   2 |  891.5 |
               +--------+--------+--------+--------+--------+-----+--------+

Top non-repeatable levels by time:
     D:1: 1722 daAuts
     D:2: 61 daAuts
